 Dungeon Crawl Stone Soup version 0.29-a0-234-g0dae59b3db (webtiles) character file.

Game seed: 13711499513831569615

6 PaleWalker the Shooter (level 1, 0/17 HPs)
             Began as a Barachi Hunter on Mar 2, 2022.
             Slain by a quokka (3 damage)
             ... on level 1 of the Dungeon.
             The game lasted 00:00:36 (28 turns).

PaleWalker the Shooter (Barachi Hunter)               Turns: 28, Time: 00:00:36

Health: 0/17       AC:  3    Str: 13    XL:     1   Next: 90%
Magic:  1/1        EV: 11    Int: 11    God:
Gold:   0          SH:  0    Dex: 12    Spells: 0/0 levels left

rFire   . . .      SeeInvis .   a - +1 shortbow
rCold   . . .      Faith    .   (shield currently unavailable)
rNeg    . . .      Spirit   .   b - +0 leather armour
rPois   .          Reflect  .   (no helmet)
rElec   .          Harm     .   (no cloak)
rCorr   .          Rampage  .   (no gloves)
Will    .....                   (no boots)
Stlth   +.........              (no amulet)
HPRegen 0.05/turn               (no ring)
MPRegen 0.07/turn               (no ring)

@: slow
A: amphibious, slowness 1, strong legs 1, +LOS
a: Hop


You were on level 1 of the Dungeon.
You visited 1 branch of the dungeon, and saw 1 of its levels.

Inventory:

Hand Weapons
 a - a +1 shortbow (weapon)
Armour
 b - a +0 leather armour (worn)


   Skills:
 + Level 2.6 Fighting
 * Level 4.2 Bows
 - Level 2.1 Dodging
 - Level 0.8 Stealth


You couldn't memorise any spells.
You didn't know any spells.
Your spell library was empty.

Dungeon Overview and Level Annotations

Branches:
Dungeon (1/15)

Altars:


Innate Abilities, Weirdness & Mutations

You are amphibious.
You cover ground slowly.
You can hop short distances.
You have an extended range of vision and can be seen from far away.


Message History

Okay, then.
Hop to where?
Press: ? - help, Q - select action, (/) - cycle Dir - move target, f - quokka
Aim: a quokka
Okay, then.
Okay, then.
Shoot: a) +1 shortbow
Press: ? - help, Q - select action, (/) - cycle Shift-Dir - straight line, f - quokka
Aim: a quokka (51% to hit)
You shoot an arrow. The arrow barely misses the quokka.
The arrow hits the goblin!
You kill the goblin!
The quokka misses you. The quokka bites you.
Hop to where?
Press: ? - help, Q - select action, (/) - cycle Dir - move target, f/p - quokka
Aim: a quokka
Okay, then.
Okay, then.
Shoot: a) +1 shortbow
Press: ? - help, Q - select action, (/) - cycle Shift-Dir - straight line, f/p - quokka
Aim: a quokka (51% to hit)
You shoot an arrow. The arrow closely misses the quokka.
A bat comes into view.
The quokka barely misses you.
The bat moves out of view.
Shoot: a) +1 shortbow
Press: ? - help, Q - select action, (/) - cycle Shift-Dir - straight line, f/p - quokka
Aim: a quokka (51% to hit)
You shoot an arrow. The arrow completely misses the quokka.
The quokka bites you.
* * * LOW HITPOINT WARNING * * *
The quokka barely misses you.
Shoot: a) +1 shortbow
Press: ? - help, Q - select action, (/) - cycle Shift-Dir - straight line, f/p - quokka
Aim: a quokka (51% to hit)
You shoot an arrow. The arrow hits the quokka.
The quokka is almost dead.
The quokka bites you.
* * * LOW HITPOINT WARNING * * *
The quokka bites you.
You die...

###.###
##≈#.#≈##
##≈♣...P≈##
#≈♣8♣.P8P≈#
##≈♣...P≈##
##≈P.<.P≈##
#≈P8P.P8P≈#
##≈P≈.≈P≈##
##≈#@#≈##
###r### .)†
.....
.......
.......##
.........
........##.
........?.
>


You could see a quokka.

Vanquished Creatures
  A ball python (D:1)
  2 bats (D:1)
  2 goblins (D:1)
5 creatures vanquished.

Notes
Turn   | Place    | Note
-------+----------+-------------------------------------------
     0 | D:1      | PaleWalker the Barachi Hunter began the quest for the Orb.
     0 | D:1      | Reached XP level 1. HP: 17/17 MP: 1/1
    28 | D:1      | Slain by a quokka

Illustrated notes

Levels and vault maps discovered:
D:1:      ldierk_walled_garden_2, layout_rooms, serial_shops,
          nicolae_diamond_shop, minmay_quantized

Action                   || total
-------------------------++-------
 Fire: Shortbow          ||    16
Armor: Leather armour    ||     5
Dodge: Dodged            ||     8

Table legend: (Time is in decaauts)
 A = Elapsed time spent in this place.
 B = Non-inter-level travel time spent in this place.
 C = Inter-level travel time spent in this place.
 D = Time resting spent in this place.
 E = Time spent auto-exploring this place.
 F = Levels seen in this place.
 G = Mean time per level.
                   A        B        C        D        E       F      G
               +--------+--------+--------+--------+--------+-----+--------+
         Total |     36 |     36 |      0 |      0 |     13 |   1 |   36.0 |
       Dungeon |     36 |     36 |      0 |      0 |     13 |   1 |   36.0 |
               +--------+--------+--------+--------+--------+-----+--------+

Top non-repeatable levels by time:
     D:1: 36 daAuts
